AoeStats
← ax

Arena

507451176Analyzed
4v4 RM · 15d ago on Sep 18, 2026· 45m 6s· 8 players
Game mode
Random Map
Map size
Large (8 player)
Population
200
Speed
Normal
Resources
Standard
Victory
Conquest
Starting age
Dark Age
Ending age
Imperial Age
RankedLock teamsTeams togetherTeam positionsShared explorationLock speedFull tech treeHidden civsTurbo modeCheats
Victory
Defeat
🇨🇳 Italians · China
1075
+12
🇹🇷 Bulgarians · Türkiye
1044
+14
🇨🇳 Burgundians · China
1013
+15
🇮🇹 Koreans · Italy
960
+17
🇨🇳 Turks · China
997
-15
🇨🇳 Spanish · China
997
-15
🇹🇼 Magyars · Taiwan
984
-14
🇨🇳 Khmer · China
975
-14
噴射大肉G
10:29 Feudal Age
16:04 Castle Age
14:09 Double-Bit Axe
14:30 Horse Collar
17:38 Bow Saw
18:20 Gold Mining
19:55 Gold Shaft Mining
20:10 Fletching
22:54 Wheelbarrow
22:06 Loom
22:08 Town Watch
22:47 Heavy Plow
23:05 Padded Archer Armor
24:26 Husbandry
26:15 Thumb Ring
26:13 Bodkin Arrow
29:01 Leather Archer Armor
31:37 Imperial Age
29:35 Ballistics
30:02 Bloodlines
30:02 Stone Mining
31:06 Scale Barding Armor
32:34 Chain Barding Armor
33:28 Chemistry
33:22 Hand Cart
33:23 Bracer
34:04 Ring Archer Armor
34:53 Parthian Tactics
35:04 Town Patrol
36:32 Heavy Cavalry Archer
37:57 Conscription
38:56 Plate Barding Armor
40:51 Recurve Bow
40:13 Elite Magyar Huszar
40:50 Treadmill Crane
41:15 Caravan
43:17 Masonry
43:06 Murder Holes
42:44 Light Cavalry
joker
12:57 Feudal Age
14:25 Double-Bit Axe
14:36 Loom
16:58 Castle Age
15:00 Gold Mining
14:54 Horse Collar
21:42 Imperial Age
21:38 Loom
27:49 Guilds
29:58 Wheelbarrow
37:34 Hand Cart
41:34 Town Watch
44:42 Fletching
大象钻树林
10:08 Feudal Age
13:28 Castle Age
11:58 Double-Bit Axe
17:45 Horse Collar
21:53 Wheelbarrow
21:38 Loom
23:44 Hand Cart
25:53 Heavy Plow
26:06 Bow Saw
26:31 Husbandry
26:42 Bloodlines
26:40 Gold Mining
26:59 Light Cavalry
30:54 Imperial Age
28:50 Forging
28:48 Scale Barding Armor
31:36 Iron Casting
31:01 Hussar
32:16 Elite Battle Elephant
34:22 Crop Rotation
34:17 Chain Barding Armor
34:57 Blast Furnace
34:15 Masonry
34:10 Siege Engineers
34:16 Fortified Wall
34:57 Gold Shaft Mining
34:12 Stone Mining
34:52 Tusk Swords
35:13 Conscription
35:59 Architecture
36:41 Plate Barding Armor
38:02 Stone Shaft Mining
39:36 Hoardings
40:39 Double Crossbow
40:11 Sappers
44:18 Ballistics
44:59 Chemistry
ax
10:22 Feudal Age
14:34 Castle Age
13:02 Double-Bit Axe
13:38 Horse Collar
15:10 Stone Mining
15:31 Loom
20:57 Heavy Plow
26:06 Gold Mining
26:34 Bow Saw
29:17 Wheelbarrow
30:08 Stone Shaft Mining
33:53 Imperial Age
32:56 Hand Cart
34:22 Husbandry
34:33 Bloodlines
34:54 Conscription
35:27 Elite Conquistador
38:06 Two-Man Saw
matematicadiscreta
11:44 Feudal Age
15:04 Horse Collar
18:22 Castle Age
17:01 Stone Mining
17:46 Gold Mining
23:35 Fletching
26:09 Elite Skirmisher
27:52 Wheelbarrow
28:28 Forging
28:13 Bodkin Arrow
29:46 Double-Bit Axe
31:06 Heavy Plow
34:33 Imperial Age
32:28 Scale Mail Armor
33:06 Bow Saw
32:34 Pikeman
33:18 Squires
37:13 Chain Mail Armor
38:44 Bracer
41:30 Iron Casting
hknarsln
13:53 Feudal Age
15:48 Double-Bit Axe
15:52 Horse Collar
18:15 Castle Age
16:44 Stone Mining
16:49 Gold Mining
18:14 Wheelbarrow
21:28 Loom
23:06 Fervor
28:03 Bow Saw
28:08 Heavy Plow
29:30 Gold Shaft Mining
29:42 Stone Shaft Mining
33:15 Imperial Age
31:52 Hand Cart
32:10 Stirrups
32:25 Scale Barding Armor
32:31 Forging
32:22 Scale Mail Armor
32:31 Squires
32:18 Arson
34:34 Chain Barding Armor
34:29 Chain Mail Armor
34:50 Iron Casting
34:10 Town Watch
34:39 Caravan
34:19 Onager
36:37 Crop Rotation
37:11 Chemistry
35:57 Elite Konnik
38:56 Devotion
38:47 Pikeman
39:37 Halberdier
40:53 Plate Mail Armor
41:23 Blast Furnace
40:59 Plate Barding Armor
42:54 Bloodlines
42:44 Husbandry
怀草诗
3:05 Double-Bit Axe
7:29 Horse Collar
12:44 Feudal Age
16:27 Castle Age
15:19 Bow Saw
16:45 Heavy Plow
17:56 Wheelbarrow
21:53 Hand Cart
21:24 Loom
25:06 Gold Mining
25:07 Stone Mining
27:32 Stone Shaft Mining
27:32 Gold Shaft Mining
27:11 Scale Barding Armor
27:17 Forging
29:49 Imperial Age
28:12 Treadmill Crane
28:56 Chain Barding Armor
29:12 Iron Casting
31:06 Plate Barding Armor
31:32 Blast Furnace
30:59 Conscription
31:22 Guilds
31:26 Elite Coustillier
32:24 Fletching
33:18 Bodkin Arrow
34:36 Chemistry
33:59 Ballistics
34:17 Husbandry
35:17 Bracer
37:43 Two-Man Saw
37:30 Town Watch
42:17 Town Patrol
42:27 Scale Mail Armor
42:59 Coinage
43:43 Hoardings
43:14 Burgundian Vineyards
Franxx
10:51 Feudal Age
14:38 Castle Age
12:45 Double-Bit Axe
14:20 Stone Mining
14:22 Gold Mining
14:51 Stone Mining
14:44 Horse Collar
16:22 Fletching
19:09 Padded Archer Armor
21:43 Bow Saw
23:07 Ballistics
23:30 Heavy Plow
24:17 Stone Shaft Mining
23:52 Loom
23:53 Town Watch
25:20 Treadmill Crane
26:19 Bodkin Arrow
26:49 Masonry
27:54 Murder Holes
32:31 Wheelbarrow
35:50 Imperial Age
35:57 Imperial Age
34:20 Hand Cart
34:05 Town Patrol
35:00 Fortified Wall
35:08 Leather Archer Armor
35:54 Thumb Ring
36:38 Silk Road
37:46 Chemistry
36:49 Bracer
37:19 Ring Archer Armor
37:02 Town Patrol
38:35 Two-Man Saw
38:12 Conscription
38:37 Architecture
38:58 Ring Archer Armor
39:05 Forging
40:44 Crop Rotation
40:59 Hoardings
41:29 Elite Genoese Crossbowman
44:30 Pirotechnia
Connection lost

Rejoining the realm…

Still unreachable

The connection could not be restored.

Session expired

The server has moved on; the page needs a fresh start.